 Dungeon Crawl Stone Soup version 0.21.1-1-g345015f (webtiles) character file.

188 JeffiDaFish the Firebug (level 5, -2/28 HPs)
             Began as a Deep Elf Fire Elementalist on Feb 19, 2018.
             Slain by dakvas's ghost (12 damage)
             ... on level 3 of the Dungeon.
             The game lasted 00:06:58 (3518 turns).

JeffiDaFish the Firebug (DEFE)                      Turns: 3518, Time: 00:06:59

Health: -2/28      AC:  2    Str:  5    XL:     5   Next: 39%
Magic:  9/14       EV: 12    Int: 21    God:
Gold:   131        SH:  0    Dex: 15    Spells: 6/13 levels left

rFire    . . .     SeeInvis .   h - +1 short sword (elec)
rCold    . . .     Gourm    +   (no shield)
rNeg     . . .     Faith    .   a - +0 robe
rPois    +         Spirit   .   (no helmet)
rElec    .         Reflect  .   (no cloak)
rCorr    .         Harm     .   (no gloves)
MR       .....                  (no boots)
Stlth    ++........             d - amulet of the gourmand
HPRegen  0.09/turn              i - ring of poison resistance
MPRegen  0.14/turn              (no ring)

@: heavily drained
A: no striking features
a: no special abilities


You were on level 3 of the Dungeon.
You were completely stuffed.

You visited 1 branch of the dungeon, and saw 3 of its levels.

You collected 131 gold pieces.

Inventory:

Hand Weapons
 h - a +1 short sword of electrocution (weapon)
Armour
 a - a +0 robe (worn)
Jewellery
 d - an amulet of the gourmand (around neck)
 i - a ring of poison resistance (left hand)
Scrolls
 e - 3 scrolls of remove curse
 g - 4 scrolls of identify
 j - a scroll of teleportation
 m - a scroll of fog
 n - a scroll of magic mapping
Potions
 f - 2 potions of curing
 k - a potion of haste
 l - a potion of heal wounds {unknown}
Books
 b - a book of Flames

   Spells                             Type                      Level
   a - Flame Tongue                   Conjuration/Fire             1
   b - Throw Flame                    Conjuration/Fire             2
   c - Conjure Flame                  Conjuration/Fire             3
   d - Inner Flame                    Hexes/Fire                   3
   e - Sticky Flame                   Conjuration/Fire             4
   f - Fireball                       Conjuration/Fire             5
Comestibles
 c - 6 rations


   Skills:
 - Level 2.5(1.1) Dodging
 - Level 2.4(1.0) Stealth
 + Level 4.8(3.3) Spellcasting
 + Level 3.3(1.9) Conjurations
 + Level 4.9(3.4) Fire Magic


You had 6 spell levels left.
You knew the following spells:

 Your Spells              Type           Power        Failure   Level  Hunger
a - Flame Tongue          Conj/Fire      ##...        4%          1    None
b - Conjure Flame         Conj/Fire      ##......     13%         3    ###....
c - Inner Flame           Hex/Fire       ##......     19%         3    ###....


Dungeon Overview and Level Annotations

Branches:
Dungeon (3/15)

Altars:
Fedhas
Gozag

Annotations:
D:3 Grinder; dakvas's ghost, amateur GrFi


Message History

The flame tongue hits dakvas's ghost.
Dakvas's ghost appears unharmed.
Dakvas's ghost is heavily damaged.
The bat hits you but does no damage. Dakvas's ghost hits you.
Grinder blinks!
Casting: Flame Tongue
Confirm with . or Enter, or press ? or * to list all spells.
Aiming: Flame Tongue
Press: ? - help, Shift-Dir - straight line, f/p - dakvas's ghost
Aim: dakvas's ghost (heavily damaged)
The flame tongue hits dakvas's ghost.
Dakvas's ghost is severely damaged.
The bat closely misses you. Dakvas's ghost hits you!
Ouch! That really hurt!
Casting: Flame Tongue
Confirm with . or Enter, or press ? or * to list all spells.
Aiming: Flame Tongue
Press: ? - help, Shift-Dir - straight line, f/p - dakvas's ghost
Aim: dakvas's ghost (severely damaged)
The flame tongue misses dakvas's ghost.
The bat barely misses you. Dakvas's ghost hits you!
You die...

.....# #..#.#####. .....#
#........... #.####
#..#.#####.. #.# ##.#.#
#.# #.#.# #.# ######
########.#.# #.#
#....###......#.#.# #.#
#....'.'......5.... #.#
#....###..b@..##..#
#.#####'#####....W....ยง.
#.##.......##.......#..#
#)##.......##.......# #
#)##.......##.......#
#.##.......##.......#
#....).....########.#
####.......# .# #########


You could see Grinder, dakvas's ghost and a bat.

Vanquished Creatures
  An orc priest (D:3)
  An orc wizard (D:3)
  5 adders
  2 worms (D:3)
  A dart slug (D:1)
  4 leopard geckos
  14 orcs (D:3)
  8 bats
  A giant cockroach (D:3)
  4 goblins
  7 hobgoblins
  5 kobolds
  A quokka (D:3)
  5 frilled lizards
  6 rats
65 creatures vanquished.

Notes
Turn   | Place    | Note
-------+----------+-------------------------------------------
     0 | D:1      | JeffiDaFish the Deep Elf Fire Elementalist began the quest for the Orb.
     0 | D:1      | Reached XP level 1. HP: 10/10 MP: 6/6
   524 | D:1      | Reached XP level 2. HP: 15/15 MP: 6/8
  1207 | D:2      | Found a blossoming altar of Fedhas.
  1396 | D:2      | Reached XP level 3. HP: 17/19 MP: 6/10
  1558 | D:2      | Learned a level 3 spell: Conjure Flame
  2178 | D:3      | Found an opulent altar of Gozag.
  2217 | D:3      | Reached XP level 4. HP: 24/24 MP: 8/12
  2369 | D:3      | Learned a level 3 spell: Inner Flame
  2794 | D:3      | Reached XP level 5. HP: 28/28 MP: 9/13
  3336 | D:3      | Noticed dakvas's ghost (amateur GrFi)
  3515 | D:3      | Noticed Grinder
  3518 | D:3      | Slain by dakvas's ghost

Skill      XL: |  1  2  3  4 |
---------------+-------------+-----
Conjurations   | 2 3 |  3.3
Fire Magic     | 4 |  4.9
Spellcasting   | 4 |  4.8
Dodging        | |  2.5
Stealth        | |  2.4

Action                   |  1- 3 |  4- 6 || total
-------------------------+-------+-------++-------
Melee: Short sword       |    28 |    26 ||    54
       Hand axe          |     4 |       ||     4
 Cast: Flame Tongue      |    43 |    54 ||    97
       Inner Flame       |       |     2 ||     2
       Conjure Flame     |       |     1 ||     1
  Use: Potion            |     6 |     1 ||     7
       Scroll            |     9 |       ||     9
 Stab: Sleeping          |     2 |       ||     2
  Eat: Chunk             |    12 |     6 ||    18
Armor: Robe              |    11 |     7 ||    18
Dodge: Dodged            |    35 |    31 ||    66
